 Dungeon Crawl Stone Soup version 0.31-a0-750-gfe7b580527 (webtiles) character file.

Game seed: 14336989101250821084

186 miscthings the Spear-Bearer (level 5, 0/37 HPs)
             Began as a Gnoll Wanderer on Sept 15, 2023.
             Slain by Pikel
             ... wielding a +2 whip of flaming
              (3 damage)
             ... on level 4 of the Dungeon.
             The game lasted 00:04:53 (1964 turns).

miscthings the Spear-Bearer (Gnoll Wanderer)        Turns: 1964, Time: 00:04:54

Health: 0/37       AC:  6    Str: 14    XL:     5   Next: 66%
Magic:  7/7        EV: 11    Int:  8    God:
Gold:   221        SH:  0    Dex: 14    Spells: 7/7 levels left

rFire   + . .        a - +2 spear
rCold   . . .        (no shield)
rNeg    . . .        c - +0 ring mail
rPois   .            (no helmet)
rElec   .            g - +0 cloak
rCorr   .            (no gloves)
SInv    .            (no boots)
Will    .....        (no amulet)
Stlth   +            o - ring of protection from fire
HPRegen 0.26/turn    (no ring)
MPRegen 0.10/turn

%: no passive effects
@: about to teleport
A: fangs 1, strong nose, distributed training
a: no special abilities


You were on level 4 of the Dungeon.
You visited 1 branch of the dungeon, and saw 4 of its levels.

You collected 221 gold pieces.

Inventory:

Hand Weapons
 a - a +2 spear (weapon)
 b - a +0 falchion
 n - a +2 mace of draining
Missiles
 e - 8 poisoned darts (quivered)
Armour
 c - a +0 ring mail (worn)
 f - a +0 scale mail
 g - a +0 cloak (worn)
Jewellery
 o - a ring of protection from fire (left hand)
Scrolls
 p - a scroll of fear {unknown}
Potions
 d - a potion of haste
 h - a potion of mutation
 l - 2 potions of enlightenment
 m - a potion of brilliance


   Skills:
 + Level 1.6 Fighting
 + Level 1.6 Short Blades
 + Level 6.7 Long Blades
 + Level 1.6 Axes
 + Level 1.6 Maces & Flails
 + Level 10.5 Polearms
 + Level 1.6 Staves
 + Level 1.6 Ranged Weapons
 + Level 1.6 Throwing
 + Level 3.0 Armour
 + Level 1.6 Dodging
 + Level 1.6 Stealth
 + Level 1.6 Shields
 + Level 1.6 Unarmed Combat
 + Level 1.6 Spellcasting
 + Level 1.3 Conjurations
 + Level 1.3 Hexes
 + Level 1.3 Summonings
 + Level 1.3 Necromancy
 + Level 1.3 Translocations
 + Level 1.3 Transmutations
 + Level 1.3 Fire Magic
 + Level 1.3 Ice Magic
 + Level 1.3 Air Magic
 + Level 1.3 Earth Magic
 + Level 1.3 Poison Magic
 + Level 3.1 Invocations
 + Level 1.6 Evocations
 + Level 1.4 Shapeshifting


You had 7 spell levels left.
You didn't know any spells.
Your spell library contained the following spells:

 Spells                   Type           Power      Damage    Failure   Level
 Ensorcelled Hibernation  Hex/Ice        4%         N/A       54%         2
 Passwall                 Tmut/Erth      1%         N/A       54%         2
 Ozocubu's Armour         Ice            2%         N/A       78%         3
 Swiftness                Air            2%         N/A       78%         3
 Metabolic Englaciation   Hex/Ice        1%         N/A       100%        5
 Simulacrum               Ice/Necr       1%         N/A       100%        6


Dungeon Overview and Level Annotations

Branches:
Dungeon (4/15)
 Temple: D:4-7

Altars:
Makhleb

Shops:
D:1 [   D:2 [

Annotations:
D:4 Pikel


Innate Abilities, Weirdness & Mutations

You have very sharp teeth.
Your uncanny sense of smell can sniff out nearby items.
Your experience applies equally to all skills.


Message History

You closely miss Pikel. Your punch misses Pikel.
Pikel is moderately wounded.
You barely miss Pikel.
Pikel is moderately wounded.
Pikel barely misses you.
You hit Pikel but do no damage. Your bite misses Pikel.
Pikel is moderately wounded.
Pikel zaps a wand.
The puff of flame hits you but does no damage.
You closely miss Pikel.
Pikel is moderately wounded.
You hit Pikel.
Pikel is heavily wounded.
Pikel hits you with a +2 whip of flaming.
You barely miss Pikel.
Pikel is heavily wounded.
You hit Pikel.
Pikel is heavily wounded.
Pikel zaps a wand.
The puff of flame hits you. You resist.
* * * LOW HITPOINT WARNING * * *
You closely miss Pikel.
Pikel is heavily wounded.
You hit Pikel but do no damage.
Pikel is heavily wounded.
Pikel looks more healthy.
Pikel hits you with a +2 whip of flaming.
* * * LOW HITPOINT WARNING * * *
Pikel burns you.
* * * LOW HITPOINT WARNING * * *
You hit Pikel but do no damage. You bite Pikel, but do no damage.
Pikel is heavily wounded.
Pikel barely misses you.
Okay, then.
This is a scroll of acquirement!
Something appears at your feet! Pikel barely misses you.
As you read the scroll labelled COKUOSMI QAMNI, it crumbles to dust.
You feel strangely unstable.
It was a scroll of teleportation.
Pikel hits you with a +2 whip of flaming.
You die...
Pikel says, "Another soul for the market."

#.#.######.#.#
#.#.# # #.# #.#.#
#.# #.#.######.#.#
#####..........#.#
#..........#####.#
#.####..##.#.....#
#.# #.......###..
#@# #.......# #..
#K########.#.# #.#
#55..[.....#.....#
#5############.#.#
#5# .#.# #.# #.#
#.# #(. ###


You could see Pikel and 4 lemures.

Vanquished Creatures
  A hound (D:4)
  A jelly (D:4)
  3 adders (D:2)
  3 worms
  2 dart slugs (D:1)
  7 orcs
  7 bats
  8 endoplasms
  2 giant cockroaches
  5 goblins
  5 hobgoblins
  7 jackals
  2 kobolds
  3 quokkas
  6 ball pythons
  7 frilled lizards
  7 rats
76 creatures vanquished.

Notes
Turn   | Place    | Note
-------+----------+-------------------------------------------
     0 | D:1      | Reached skill level 10 in Polearms
     0 | D:1      | miscthings the Gnoll Wanderer began the quest for the Orb.
     0 | D:1      | miscthings set off with the following items: a +2 spear, a
                  | +0 falchion, a +0 ring mail, a potion of haste.
     0 | D:1      | Reached XP level 1. HP: 13/13 MP: 2/2
   128 | D:1      | Reached XP level 2. HP: 19/19 MP: 3/3
   336 | D:1      | Found Ciqofe's Armour Emporium.
   353 | D:1      | Reached XP level 3. HP: 21/25 MP: 4/4
   490 | D:2      | Found Fitt's Antique Armour Boutique.
   643 | D:2      | Reached skill level 1 in Fighting
   643 | D:2      | Reached skill level 1 in Short Blades
   643 | D:2      | Reached skill level 1 in Axes
   643 | D:2      | Reached skill level 1 in Maces & Flails
   643 | D:2      | Reached skill level 1 in Staves
   643 | D:2      | Reached skill level 1 in Ranged Weapons
   643 | D:2      | Reached skill level 1 in Throwing
   643 | D:2      | Reached skill level 1 in Dodging
   643 | D:2      | Reached skill level 1 in Stealth
   643 | D:2      | Reached skill level 1 in Shields
   643 | D:2      | Reached skill level 1 in Unarmed Combat
   643 | D:2      | Reached skill level 1 in Spellcasting
   643 | D:2      | Reached skill level 1 in Evocations
   687 | D:2      | Reached XP level 4. HP: 22/32 MP: 6/6
   780 | D:2      | Reached skill level 1 in Shapeshifting
   959 | D:2      | Reached skill level 1 in Conjurations
   959 | D:2      | Reached skill level 1 in Hexes
   959 | D:2      | Reached skill level 1 in Summonings
   959 | D:2      | Reached skill level 1 in Necromancy
   959 | D:2      | Reached skill level 1 in Translocations
   959 | D:2      | Reached skill level 1 in Transmutations
   959 | D:2      | Reached skill level 1 in Fire Magic
   959 | D:2      | Reached skill level 1 in Ice Magic
   959 | D:2      | Reached skill level 1 in Air Magic
   959 | D:2      | Reached skill level 1 in Earth Magic
   959 | D:2      | Reached skill level 1 in Poison Magic
  1353 | D:3      | Found a burning altar of Makhleb.
  1353 | D:3      | Noticed an Executioner
  1733 | D:4      | Reached XP level 5. HP: 36/37 MP: 7/7
  1926 | D:4      | Noticed a lemure
  1930 | D:4      | Noticed Pikel
  1932 | D:4      | Noticed a lemure
  1941 | D:4      | Noticed a lemure
  1945 | D:4      | Noticed a lemure
  1963 | D:4      | Identified a scroll of acquirement
  1963 | D:4      | Acquired the +10 longbow "Tyahiz" {drain, Contam rElec rC+
                  | rCorr}
  1964 | D:4      | Slain by Pikel

Illustrated notes

Levels and vault maps discovered:
D:1:      dpeg_arrival_houses_and_road, layout_rooms, serial_shops,
          nicolae_shop_hallway_stairs
D:2:      layout_loops_corners, serial_shops, shop, serial_bayou_pond_b
D:3:      layout_basic, makhleb_altar_promises_db
D:4:      layout_loops_ring, minmay_temple_entry_purple_smoke, uniq_pikel

Skill      XL: |  1  2  3  4  5 |
---------------+----------------+-----
Polearms       | | 10.5
Fighting       | 1 |  1.6
Short Blades   | 1 |  1.6
Axes           | 1 |  1.6
Maces & Flails | 1 |  1.6
Staves         | 1 |  1.6
Ranged Weapons | 1 |  1.6
Throwing       | 1 |  1.6
Dodging        | 1 |  1.6
Stealth        | 1 |  1.6
Shields        | 1 |  1.6
Unarmed Combat | 1 |  1.6
Spellcasting   | 1 |  1.6
Evocations     | 1 |  1.6
Shapeshifting  | 1 |  1.4
Conjurations   | 1 |  1.3
Hexes          | 1 |  1.3
Summonings     | 1 |  1.3
Necromancy     | 1 |  1.3
Translocations | 1 |  1.3
Transmutations | 1 |  1.3
Fire Magic     | 1 |  1.3
Ice Magic      | 1 |  1.3
Air Magic      | 1 |  1.3
Earth Magic    | 1 |  1.3
Poison Magic   | 1 |  1.3
Invocations    | 3 |  3.1
Armour         | 3 |  3.0
Long Blades    | |  6.7

Action                     |  1- 3 |  4- 6 || total
---------------------------+-------+-------++-------
  Melee: Spear             |   120 |   154 ||   274
         Bite              |    10 |     6 ||    16
         Punch             |     1 |     2 ||     3
  Throw: Dart              |       |     4 ||     4
    Use: Scroll            |       |     5 ||     5
 Armour: Ring mail         |    32 |    41 ||    73
  Dodge: Dodged            |    28 |    35 ||    63

Table legend: (Time is in decaauts)
 A = Elapsed time spent in this place.
 B = Non-inter-level travel time spent in this place.
 C = Inter-level travel time spent in this place.
 D = Time resting spent in this place.
 E = Time spent auto-exploring this place.
 F = Levels seen in this place.
 G = Mean time per level.
                   A        B        C        D        E       F      G
               +--------+--------+--------+--------+--------+-----+--------+
         Total |   1846 |   1765 |     81 |      0 |   1312 |   4 |  461.5 |
       Dungeon |   1846 |   1765 |     81 |      0 |   1312 |   4 |  461.5 |
               +--------+--------+--------+--------+--------+-----+--------+

Top non-repeatable levels by time:
     D:2: 808 daAuts
     D:1: 462 daAuts
     D:3: 353 daAuts
     D:4: 221 daAuts
